AoeStats
← ChronoMiner

Nomad

510909570Analyzed
3v3 RM · 15h ago on Oct 3, 2026· 23m 43s· 6 players
Game mode
Random Map
Map size
210×210
Population
200
Speed
Normal
Resources
Standard
Victory
Conquest
Starting age
Dark Age
Ending age
Imperial Age
RankedLock teamsTeams togetherTeam positionsShared explorationLock speedFull tech treeHidden civsTurbo modeCheats
Victory
Defeat
🇦🇷 Magyars · Argentina
921
+15
🇦🇷 Japanese · Argentina
902
+16
🇦🇷 Persians · Argentina
890
+17
🇧🇷 Byzantines · Brazil
943
-18
🇻🇪 Varangians · Venezuela
891
-15
🇦🇷 Saxons · Argentina
877
-15
Abyssus
7:33 Loom
8:01 Loom
20:35 Feudal Age
22:00 Double-Bit Axe
23:15 Scale Mail Armor
23:26 Forging
23:33 Fishing Lines
ChronoMiner
5:38 Loom
20:05 Feudal Age
20:36 Double-Bit Axe
20:40 Horse Collar
Josmi-Ga'lock
5:53 Loom
15:38 Feudal Age
16:11 Town Watch
16:13 Double-Bit Axe
23:36 Castle Age
22:41 Stone Mining
CHINPOKOMON
4:06 Loom
14:52 Feudal Age
19:39 Castle Age
18:44 Horse Collar
little_moyo
4:12 Loom
15:13 Feudal Age
15:43 Double-Bit Axe
15:40 Fishing Lines
18:07 Stone Mining
20:46 Castle Age
19:24 Gold Mining
21:38 Gillnets
22:01 Bow Saw
#Garro
3:04 Loom
14:37 Feudal Age
15:05 Man-at-Arms
15:38 Town Watch
15:45 Fishing Lines
16:53 Double-Bit Axe
18:23 Horse Collar
23:26 Castle Age
22:48 Forging
22:30 Fletching
22:42 Scale Mail Armor
Connection lost

Rejoining the realm…

Still unreachable

The connection could not be restored.

Session expired

The server has moved on; the page needs a fresh start.